 Dungeon Crawl Stone Soup version 0.29.0-5-ge4962eb29e (webtiles) character file.

Game seed: 2978447573930241762

26 Zeldest the Shield-Bearer (level 2, 0/29 HPs)
             Began as a Troll Fighter on Aug 30, 2022.
             Slain by an adder (2 damage)
             ... on level 2 of the Dungeon.
             The game lasted 00:00:28 (737 turns).

Zeldest the Shield-Bearer (Troll Fighter)            Turns: 737, Time: 00:00:29

Health: 0/29       AC:  5    Str: 23    XL:     2   Next: 89%
Magic:  1/1        EV:  8    Int:  4    God:
Gold:   55         SH:  7    Dex:  9    Spells: 1/1 levels left

rFire   . . .      SeeInvis .     - Unarmed
rCold   . . .      Faith    .   b - +0 kite shield
rNeg    . . .      Spirit   .   a - +0 robe
rPois   .          Reflect  .   (helmet restricted)
rElec   .          Harm     .   i - +0 cloak
rCorr   .          Rampage  .   (gloves unavailable)
Will    .....                   (boots unavailable)
Stlth   +.........              (no amulet)
HPRegen 0.89/turn               (no ring)
MPRegen 0.07/turn               (no ring)

@: lethally poisoned (0 -> 0)
A: large, unfitting armour, claws 3, regeneration 1, shaggy fur 1, tough skin 1
a: no special abilities


You were on level 2 of the Dungeon.
You visited 1 branch of the dungeon, and saw 2 of its levels.

You collected 55 gold pieces.

Inventory:

Armour
 a - a +0 robe (worn)
 b - a +0 kite shield (worn)
 i - a +0 cloak (worn)
Wands
 l - a wand of polymorph (9)
Scrolls
 d - 2 scrolls of teleportation {unknown}
 e - a scroll of identify {unknown}
 j - 3 scrolls of butterflies {unknown}
Potions
 c - a potion of might
 f - a potion of brilliance {unknown}
 g - a potion of heal wounds {unknown}
 h - a potion of curing {unknown}
 k - a potion of invisibility {unknown}


   Skills:
 + Level 2.7 Fighting
 - Level 2.4 Dodging
 + Level 3.0 Shields
 * Level 2.8 Unarmed Combat


You had one spell level left.
You didn't know any spells.
Your spell library was empty.

Dungeon Overview and Level Annotations

Branches:
Dungeon (2/15)

Altars:
Vehumet


Innate Abilities, Weirdness & Mutations

You are too large for most types of armour.
You have claws for hands.
Your natural rate of healing is unusually fast.
You are covered in fur. (AC +1)
You have tough skin. (AC +1)


Message History

You feel sick.
You feel sick. The kobold attacks as you move away!
The kobold hits you but does no damage.
You are more poisoned.
You feel sick.
You feel very sick.
You feel sick.
You are too injured to fight recklessly!
You closely miss the kobold.
You feel sick. You block the kobold's attack.
You miss the kobold.
You feel sick. The kobold barely misses you.
You claw the kobold!
You kill the kobold!
You feel sick.
You scratch the adder.
The adder is lightly wounded.
You feel sick. You block the adder's attack.
The adder bites you but does no damage.
You scratch the adder.
The adder is heavily wounded.
You feel sick. The adder barely misses you.
You barely miss the adder.
The adder is heavily wounded.
You feel sick.
You are no longer poisoned.
The adder bites you.
* * * LOW HITPOINT WARNING * * *
You are poisoned.
The adder poisons you! The adder bites you.
* * * LOW HITPOINT WARNING * * *
You scratch the adder.
The adder is almost dead.
You feel sick. The adder closely misses you. You block the adder's attack.
You miss the adder.
The adder is almost dead.
You feel sick. The adder bites you.
* * * LOW HITPOINT WARNING * * *
You miss the adder.
The adder is almost dead.
You feel sick. You block the adder's attack. The adder bites you.
You die...

...............
..........#.....#####.#<.....
#............. #.#######
#............ ###.#######
#.........#.#.# #.......... .
#...........#.. #..........
..#..........# #.# #..........
............####.####..........
.......bS#.bJS@................
......#..#.######.####....#####
........J..# #.##.....## #
..:####..########....#.### ..
##.............###.# .
#.........####.## ..#
#...######...##..#.#.# .....
#######.......#.# ...##
........#..##.#.#


You could see an adder, an endoplasm and a bat.

Vanquished Creatures
  An adder (D:2)
  A dart slug (D:2)
  2 ball pythons (D:1)
  2 endoplasms
  2 giant cockroaches (D:1)
  2 kobolds
  2 bats (D:1)
  A goblin (D:1)
  A rat (D:2)
14 creatures vanquished.

Notes
Turn   | Place    | Note
-------+----------+-------------------------------------------
     0 | D:1      | Zeldest the Troll Fighter began the quest for the Orb.
     0 | D:1      | Reached XP level 1. HP: 22/22 MP: 0/0
   161 | D:1      | Found a faded altar of an unknown god.
   281 | D:1      | Reached XP level 2. HP: 29/29 MP: 1/1
   690 | D:2      | Reached skill level 3 in Shields
   704 | D:2      | Found a radiant altar of Vehumet.
   737 | D:2      | Slain by an adder

Illustrated notes

Levels and vault maps discovered:
D:1:      dpeg_arrival_orchard, layout_loops_ring,
          hellmonk_ecumenical_altar_pennies_from_heaven
D:2:      layout_rooms, basic_altar

Skill      XL: |  1  2 |
---------------+-------+-----
Shields        | 3 |  3.0
Fighting       | |  2.7
Dodging        | |  2.4
Unarmed Combat | |  2.8

Action                   || total
-------------------------++-------
Melee: Unarmed           ||    42
Armor: Robe              ||    12
Dodge: Dodged            ||    15
Block: Kite shield       ||    24
